 Dungeon Crawl Stone Soup version 0.31-a0-187-gba352fbbf7 (webtiles) character file.

Game seed: 17954453574094968750

77 qw the Shooter (level 4, -2/25 HPs)
             Began as a Deep Elf Hunter on June 22, 2023.
             Killed from afar by an orc wizard (5 damage)
             ... with a magic dart
             ... on level 3 of the Dungeon.
             The game lasted 00:00:40 (1520 turns).

qw the Shooter (Deep Elf Hunter)                    Turns: 1520, Time: 00:00:40

Health: -2/25      AC:  5    Str: 10    XL:     4   Next: 13%
Magic:  6/6        EV: 11    Int: 14    God:
Gold:   47         SH:  0    Dex: 18    Spells: 3/3 levels left

rFire   . . .        Y - +0 shortbow
rCold   . . .        (shield currently unavailable)
rNeg    . . .        f - +0 ring mail
rPois   .            (no helmet)
rElec   .            (no cloak)
rCorr   .            (no gloves)
SInv    +            (no boots)
Will    .....        (no amulet)
Stlth   +            b - ring of see invisible
HPRegen 0.24/turn    (no ring)
MPRegen 0.10/turn

%: no passive effects
@: no status effects
A: no striking features
a: no special abilities


You were on level 3 of the Dungeon.
You visited 1 branch of the dungeon, and saw 3 of its levels.

You collected 132 gold pieces.
You spent 85 gold pieces at shops.


   Skills:
 - Level 1.5 Fighting
 + Level 7.5 Ranged Weapons
 - Level 2.4 Dodging
 - Level 1.2 Stealth


You had 3 spell levels left.
You didn't know any spells.
Your spell library was empty.

Inventory:

Hand Weapons
 Y - a +0 shortbow (weapon)
Armour
 f - a +0 ring mail (worn)
 i - a +0 cloak
Jewellery
 b - a ring of see invisible (left hand)
Scrolls
 a - a scroll of identify
Potions
 c - a potion of heal wounds {unknown}
 d - a potion of might {unknown}
 e - a potion of enlightenment {unknown}
 g - a potion of curing {unknown}
 h - a potion of lignification {unknown}

Dungeon Overview and Level Annotations

Branches:
Dungeon (3/15)

Altars:

Shops:
D:3 [


Message History

The orc wizard casts a spell.
The orc wizard flickers and vanishes for a moment.
You shoot an arrow. The arrow hits the orc wizard.
The orc wizard is moderately wounded.
The orc wizard hits you with a +0 dagger.
The orc wizard gestures at you while chanting.
You are confused.
The orc wizard closely misses you.
The orc wizard hits you but does no damage.
The orc wizard gestures at you while chanting.
The magic dart hits you! The orc wizard misses you.
You feel less confused.
The orc wizard gestures at you while chanting.
You are confused.
The orc wizard hits you with a +0 dagger.
The orc wizard barely misses you.
The orc wizard hits you with a +0 dagger.
The orc wizard hits you but does no damage.
The orc wizard hits you but does no damage.
You feel less confused.
The orc wizard hits you but does no damage.
You shoot an arrow. The arrow barely misses the orc wizard.
The orc wizard hits you with a +0 dagger.
You shoot an arrow.
The arrow hits the orc wizard but does no damage.
The orc wizard is moderately wounded.
The orc wizard hits you but does no damage.
You shoot an arrow. The arrow hits the orc wizard.
The orc wizard is heavily wounded.
The orc wizard hits you with a +0 dagger.
You shoot an arrow.
The arrow closely misses the orc wizard.
The orc wizard hits you but does no damage.
You shoot an arrow. The arrow hits the orc wizard.
The orc wizard is severely wounded.
The orc wizard closely misses you.
The orc wizard gestures at you while chanting.
The magic dart hits you.
You die...

#### #..# # #8.####
#...#############.(...##
....))o@.......8.\<8....
###.####..#######.##).##
##.# #8...## #.###
#..### #...# #### ###.#
#.## ### #..## #.. ##..#
#.#


You could see an orc wizard (invisible).

Vanquished Creatures
  An adder (D:2)
  A dart slug (D:2)
  2 orcs (D:3)
  9 endoplasms
  5 giant cockroaches
  8 goblins
  5 hobgoblins
  2 jackals (D:2)
  A kobold (D:2)
  2 quokkas
  5 ball pythons
  5 bats
  4 frilled lizards
  6 rats
56 creatures vanquished.

Notes
Turn   | Place    | Note
-------+----------+-------------------------------------------
     0 | D:1      | qw the Deep Elf Hunter began the quest for the Orb.
     0 | D:1      | Reached XP level 1. HP: 12/12 MP: 3/3
     0 | D:1      | 0 ||| qw: Version: 0.3-a-9-g12657ce
     0 | D:1      | 0 ||| qw: Game counter: 2658
     0 | D:1      | 0 ||| qw: Always use a shield: true
     0 | D:1      | 0 ||| qw: God list: Okawaru
     0 | D:1      | 0 ||| qw: Allow faded altars: false
     0 | D:1      | 0 ||| qw: Do Orc after D:15 true
     0 | D:1      | 0 ||| qw: Do second Lair branch before Depths: true
     0 | D:1      | 0 ||| qw: Lair rune preference: random
     0 | D:1      | 0 ||| qw: Plans: Normal
     0 | D:1      | 0 ||| PLANNING D:1-11
   139 | D:1      | Reached XP level 2. HP: 16/16 MP: 4/4
   145 | D:1      | Reached skill level 6 in Ranged Weapons
   483 | D:1      | Reached XP level 3. HP: 20/20 MP: 5/5
   539 | D:1      | 539 ||| UPGRADING to +0 ring mail.
   549 | D:1      | 549 ||| DROPPING +0 leather armour.
   550 | D:1      | 550 ||| READING 2 scrolls labelled ILYISU SUWOCEDGH.
   551 | D:1      | 551 ||| READING scroll labelled NIULAE AP DATE.
   552 | D:1      | 552 ||| READING scroll labelled XESIONGUGU.
   556 | D:1      | 556 ||| DROPPING scroll of butterflies.
   781 | D:2      | Reached skill level 7 in Ranged Weapons
  1227 | D:2      | 1227 ||| UPGRADING to ring of see invisible.
  1359 | D:3      | Reached XP level 4. HP: 25/25 MP: 6/6
  1389 | D:3      | Found Vefryuj's Antique Armour Emporium.
  1398 | D:3      | 1398 ||| BUYING cloak (85 gold).
  1398 | D:3      | Bought a cloak for 85 gold pieces
  1507 | D:3      | HP: 5/25 [orc wizard/magic dart (7)]
  1512 | D:3      | HP: 3/25 [orc wizard/+0 dagger (1)]
  1518 | D:3      | HP: 3/25 [orc wizard/+0 dagger (1)]
  1520 | D:3      | Killed from afar by an orc wizard

Levels and vault maps discovered:
D:1:      lightli_arrival_chessboard, layout_basic, hex_medium,
          minmay_pentomino_t4
D:2:      layout_loops_ring
D:3:      layout_basic, serial_shops, nicolae_shop_statue_plus

Skill      XL: |  1  2  3 |
---------------+----------+-----
Ranged Weapons | 6 7 |  7.5
Fighting       | |  1.5
Dodging        | |  2.4
Stealth        | |  1.2

Action                     |  1- 3 |  4- 6 || total
---------------------------+-------+-------++-------
   Fire: Shortbow          |   135 |    29 ||   164
    Use: Scroll            |     3 |       ||     3
 Armour: Leather armour    |     6 |       ||     6
         Ring mail         |    13 |     7 ||    20
  Dodge: Dodged            |    62 |     8 ||    70

Table legend:
 A = Non-vault XP
 B = Vault XP
 C = Vault XP percentage of total XP
 D = Non-vault monster count
 E = Vault monster count
 F = Vault count percentage of total count
                 A         B        C        D         E       F
            +---------+---------+-------+---------+---------+-------
      Total |     104 |       6 |   5.5 |      52 |       4 |   7.1
            +---------+---------+-------+---------+---------+-------
        D:1 |      37 |       6 |  14.0 |      23 |       4 |  14.8
        D:2 |      45 |       0 |   0.0 |      16 |       0 |   0.0
        D:3 |      22 |       0 |   0.0 |      13 |       0 |   0.0
            +---------+---------+-------+---------+---------+-------
